 Dungeon Crawl Stone Soup version 0.26.1-11-gd32895ea62 (webtiles) character file.

Game seed: 3853078802649330526

4065 Eitelfritz the Carver (level 10, 0/88 HPs)
             Began as a Minotaur Gladiator on June 13, 2021.
             Slain by an orc warrior
             ... wielding a +0 trident
              (11 damage)
             ... on level 7 of the Dungeon.
             The game lasted 00:15:31 (6274 turns).

Eitelfritz the Carver (Minotaur Gladiator)          Turns: 6274, Time: 00:15:32

Health: 0/88       AC: 16    Str: 18    XL:     10   Next: 5%
Magic:  9/9        EV: 12    Int:  8    God:
Gold:   396        SH:  0    Dex: 13    Spells: 9/9 levels left

rFire    . . .     SeeInvis .   a - +1 long sword
rCold    . . .     Faith    .   (no shield)
rNeg     . . .     Spirit   .   s - +3 scale mail
rPois    .         Reflect  .   c - +0 hat
rElec    .         Harm     .   D - +1 cloak
rCorr    .         Rampage  .   k - +0 pair of gloves
Will     .....                  g - +0 pair of boots
Stlth    ..........             (no amulet)
HPRegen  0.24/turn              (no ring)
MPRegen  0.11/turn              (no ring)

@: mighty, lethally poisoned (0 -> 0), berserk cooldown, slowed, very slow
A: retaliatory headbutt, horns 2
a: no special abilities


You were on level 7 of the Dungeon.
You visited 1 branch of the dungeon, and saw 7 of its levels.

You collected 506 gold pieces.
You spent 110 gold pieces at shops.

Inventory:

Hand Weapons
 a - a +1 long sword (weapon)
 b - a +0 shortbow
 v - a +2 flail of protection
Missiles
 d - 3 throwing nets
 o - 30 poisoned darts (quivered)
 q - 7 datura-tipped darts
 r - 8 javelins
 z - 64 arrows
Armour
 c - a +0 hat (worn)
 g - a +0 pair of boots (worn)
 k - a +0 pair of gloves (worn)
 s - a +3 scale mail (worn)
 t - a +0 chain mail
 D - a +1 cloak (worn)
Wands
 w - a wand of iceblast (10)
Scrolls
 e - 9 scrolls of teleportation
 h - a scroll of fog
 i - a scroll of holy word {unknown}
 n - a scroll of identify
 x - 3 scrolls of remove curse
 A - a scroll of blinking {unknown}
 B - a scroll of amnesia
Potions
 l - a potion of mutation {unknown}
 m - a potion of cancellation
 p - 2 potions of attraction
 u - a potion of berserk rage
 y - a potion of lignification
 C - a potion of flight
 E - a potion of ambrosia {unknown}


   Skills:
 + Level 8.1 Fighting
 + Level 11.7 Long Blades
 + Level 3.4 Bows
 + Level 3.0 Throwing
 + Level 7.4 Armour
 + Level 5.7 Dodging
 + Level 1.0 Stealth


You had 9 spell levels left.
You didn't know any spells.
Your spell library was empty.

Dungeon Overview and Level Annotations

Branches:
Dungeon (7/15)             Temple (0/1) D:7

Altars:
Cheibriados
Dithmenos
Elyvilon
Hepliaklqana
Ru
Sif Muna
Vehumet
Wu Jian
Yredelemnul
Zin
The Shining One

Shops:
D:5 *   D:6 ?


Innate Abilities, Weirdness & Mutations

You reflexively headbutt those who attack you in melee.
You have a pair of horns on your head.


Message History

Items here: )) [[ †.
You enter the shallow water.
Moving in this stuff is going to be slow.
You feel sick.
The phantom blinks!
You enter the shallow water.
Moving in this stuff is going to be slow.
You feel sick.
The orc warrior hits you from afar with a +0 trident.
* * * LOW HITPOINT WARNING * * *
The orc warrior hits you from afar with a +0 trident.
* * * LOW HITPOINT WARNING * * *
The hornet zombie hits you!
* * * LOW HITPOINT WARNING * * *
Unknown command.
You feel very mighty all of a sudden.
You feel sick. The hornet zombie barely misses you. You furiously retaliate!
You headbutt the hornet zombie!
You riposte.
You slash the hornet zombie!
The hornet zombie is heavily damaged.
The orc warrior hits you from afar with a +0 trident!
You die...

# #.##.#(#####.###
♣. #....#..####.#
♣♣♣.♣♣♣♣♣♣
#....##....#.#
.........♣
♣#..........#.#
.........♣
♣♣≈#.##.......#.#
+#####'{.♣ P≈♣#.
#...)...#.#
#.cgZ.#..♣ ♣♣≈P #
#.###[..#.###
#..hpW#..♣♣♣♣≈♣♣♣#
#...........#
#.JS.B#..))).≈oZ@#
#.###.###.###
#.O...#..♣♣♣≈≈≈P≈#
#.#.........#
#.o...#..♣ #♣≈♣♣≈#
#.#.....#.#.#
+#####+[.♣ ♣♣♣♣≈#
#.#.....#.#.# ...♣
♣♣♣≈#
#.#.....#.#.#
....♣ #♣♣P≈♣#
#.#...#.#.#.#
♣♣♣♣♣♣ #≈≈≈P♣
#.#...#(....#
#♣♣.♣♣
#.#.<.#....## ♣.♣
# #.#[..#....##


You could see an orc warrior and a hornet zombie.

Vanquished Creatures
  An ogre mage (D:7)
  A wizard (D:7)
  A yaktaur (D:7)
  Grinder (D:3)
  A shadow (D:7)
  Sigmund (D:5)
  Eustachio (D:5)
  Edmund (D:4)
  2 ice beasts (D:7)
  3 sky beasts
  2 ogres
  A phantom (D:4)
  3 centaurs
  3 bullfrogs (D:6)
  2 howler monkeys
  A centaur zombie (D:7)
  A bullfrog zombie (D:6)
  A gnoll shaman (D:6)
  A jelly (D:7)
  Crazy Yiuf (D:4)
  A centaur skeleton (D:7)
  A hound (D:7)
  2 orc wizards
  Ijyb (D:3)
  An iguana (D:5)
  4 worker ants
  A hound zombie (D:6)
  A hound skeleton (D:4)
  7 adders
  6 gnolls
  2 shadow imps
  An ufetubus (D:5)
  An adder skeleton (D:7)
  3 worms
  2 dart slugs (D:1)
  9 leopard geckos
  15 orcs
  2 ball pythons
  8 bats
  6 giant cockroaches
  10 goblins
  7 hobgoblins
  13 jackals
  4 quokkas
  A ball python skeleton (D:5)
  2 frilled lizards
  A jackal skeleton (D:5)
  7 kobolds
  5 rats
153 creatures vanquished.

Vanquished Creatures (collateral kills)
  An orc priest (D:6)
  A hound skeleton (D:6)
2 creatures vanquished.

Vanquished Creatures (others)
  A fungus (D:4)
  A plant (D:7)
2 creatures vanquished.

Grand Total: 157 creatures vanquished

Notes
Turn   | Place    | Note
-------+----------+-------------------------------------------
     0 | D:1      | Eitelfritz the Minotaur Gladiator began the quest for the
                  | Orb.
     0 | D:1      | Reached XP level 1. HP: 18/18 MP: 0/0
   105 | D:1      | Reached skill level 4 in Long Blades
   105 | D:1      | Reached XP level 2. HP: 25/25 MP: 1/1
   297 | D:1      | Reached XP level 3. HP: 30/30 MP: 2/2
   767 | D:2      | Found a shimmering blue altar of Sif Muna.
   799 | D:2      | Reached skill level 1 in Armour
   882 | D:2      | Reached XP level 4. HP: 15/37 MP: 3/3
  1435 | D:2      | Found a shadowy altar of Dithmenos.
  1602 | D:3      | Reached skill level 5 in Long Blades
  1691 | D:3      | Noticed Grinder
  1692 | D:3      | Found a sacrificial altar of Ru.
  1700 | D:3      | Paralysed by Grinder for 5 turns
  1714 | D:3      | Killed Grinder
  1715 | D:3      | Reached skill level 6 in Long Blades
  1715 | D:3      | Reached XP level 5. HP: 20/45 MP: 4/4
  1715 | D:3      | Reached XP level 6. HP: 23/51 MP: 5/5
  2075 | D:3      | Found an ornate altar of the Wu Jian Council.
  2361 | D:3      | Noticed Ijyb
  2369 | D:3      | Killed Ijyb
  2581 | D:4      | Noticed Edmund
  2883 | D:4      | Reached skill level 7 in Long Blades
  3095 | D:4      | Found a radiant altar of Vehumet.
  3127 | D:4      | Killed Edmund
  3128 | D:4      | Reached XP level 7. HP: 24/59 MP: 6/6
  3473 | D:4      | Found a runed translucent door.
  3474 | D:4      | Noticed Crazy Yiuf
  3590 | D:4      | Paralysed by Crazy Yiuf for 7 turns
  3599 | D:4      | Killed Crazy Yiuf
  3935 | D:5      | Entered Level 5 of the Dungeon
  3935 | D:5      | Noticed Sigmund
  3942 | D:5      | Killed Sigmund
  4084 | D:5      | Reached skill level 8 in Long Blades
  4135 | D:5      | Reached skill level 5 in Fighting
  4135 | D:5      | Reached XP level 8. HP: 54/68 MP: 7/7
  4220 | D:5      | Found a snail-covered altar of Cheibriados.
  4281 | D:5      | Noticed Eustachio
  4311 | D:5      | Killed Eustachio
  4312 | D:5      | Reached skill level 5 in Armour
  4312 | D:5      | Reached skill level 5 in Dodging
  4542 | D:5      | Reached skill level 1 in Bows
  4652 | D:5      | Found Zin's Purification Station.
  4661 | D:5      | Found a glowing silver altar of Zin.
  4927 | D:5      | Found a white marble altar of Elyvilon.
  4981 | D:5      | Found a basalt altar of Yredelemnul.
  5252 | D:6      | Reached skill level 9 in Long Blades
  5387 | D:6      | Found Axiem's Magic Scroll Emporium.
  5432 | D:6      | Bought a scroll of identify for 22 gold pieces
  5432 | D:6      | Bought a scroll of identify for 22 gold pieces
  5432 | D:6      | Bought a scroll of identify for 22 gold pieces
  5432 | D:6      | Bought a scroll of identify for 22 gold pieces
  5432 | D:6      | Bought a scroll of identify for 22 gold pieces
  5722 | D:6      | Reached XP level 9. HP: 77/77 MP: 8/8
  5767 | D:6      | Found a glowing golden altar of the Shining One.
  5844 | D:7      | Found a staircase to the Ecumenical Temple.
  5907 | D:7      | Found a hazy altar of Hepliaklqana.
  6029 | D:7      | Reached skill level 10 in Long Blades
  6207 | D:7      | Noticed a wizard
  6208 | D:7      | Noticed an ogre mage
  6208 | D:7      | Noticed a yaktaur
  6239 | D:7      | Killed an ogre mage
  6240 | D:7      | Reached skill level 11 in Long Blades
  6249 | D:7      | Killed a wizard
  6258 | D:7      | Killed a yaktaur
  6259 | D:7      | Reached skill level 1 in Stealth
  6259 | D:7      | Reached XP level 10. HP: 41/88 MP: 9/9
  6266 | D:7      | HP: 3/88 [orc warrior/+0 trident (12)]
  6274 | D:7      | Slain by an orc warrior

Illustrated notes

Levels and vault maps discovered:
D:1:      scummos_arrival_star, layout_rooms, minmay_hexomino_c4
D:2:      layout_rooms, lemuel_crystal_altar, grunt_ministairs_7,
          chequers_arboretum, nicolae_dithmenos_shadow_blocks
D:3:      layout_loops_cross, nzn_wu_jian_contemplation,
          nicolae_ru_sacrificial_ziggurat, uniq_ijyb, uniq_grinder
D:4:      layout_loops_cross, lemuel_doored_altar, grunt_ministairs_15,
          uniq_edmund, uniq_crazy_yiuf_cottage
D:5:      layout_loops_cross, kennysheep_ying_yang, zin_purify,
          kennysheep_mini_moat, uniq_eustachio, uniq_sigmund
D:6:      layout_basic, overflow_temple_1_default, serial_shops,
          nicolae_shop_temple_entry_statues_fountains,
          hangedman_decor_clover_reticule, chequers_avenue
D:7:      nzn_winding_woodlands_large [nzn_winding_woodlands_5x5_open_star,
          nzn_winding_woodlands_5x15_crooked, nzn_winding_woodlands_hourglass,
          nzn_winding_woodlands_center_triple_pond,
          nzn_winding_woodlands_15x15_killbox,
          nzn_winding_woodlands_center_garden,
          nzn_winding_woodlands_5x5_default,
          nzn_winding_woodlands_5x15_lazy_stream,
          nzn_winding_woodlands_5x5_checkerboard], layout_basic,
          nicolae_overflow_hidden_temple, minmay_temple_entry_junction

Skill      XL: |  1  2  3  4  5  6  7  8  9 |
---------------+----------------------------+-----
Long Blades    | 4 6 7 8 9 11 | 11.7
Dodging        | 4 5 |  5.7
Armour         | 1 3 4 6 7 |  7.4
Fighting       | 3 4 5 6 8 |  8.1
Throwing       | 3 |  3.0
Bows           | 2 3 |  3.4
Stealth        | 1 |  1.0

Action                   |  1- 3 |  4- 6 |  7- 9 | 10-12 || total
-------------------------+-------+-------+-------+-------++-------
Melee: Long sword        |    67 |   136 |   198 |     7 ||   408
       Headbutt          |    13 |    30 |    63 |     1 ||   107
 Fire: Shortbow          |       |       |    35 |       ||    35
Throw: Dart              |       |    10 |       |       ||    10
  Use: Potion            |       |     2 |     2 |     2 ||     6
       Scroll            |       |     9 |    10 |       ||    19
Armor: Leather armour    |     1 |       |       |       ||     1
       Scale mail        |    34 |    53 |   108 |     7 ||   202
Dodge: Dodged            |    47 |    92 |   156 |     8 ||   303
       Rpst.: Long sword |     9 |    24 |    47 |     3 ||    83
